 Dungeon Crawl Stone Soup version 0.19.5 (console) character file.

23 lanroth the Skirmisher (level 2, -2/27 HPs)
             Began as a Hill Orc Fighter on Mar 8, 2017.
             Slain by an adder (4 damage)
             ... on level 2 of the Dungeon.
             The game lasted 00:07:46 (1150 turns).

lanroth the Skirmisher (Hill Orc Fighter)           Turns: 1150, Time: 00:07:47

Health: -2/27      AC:  6    Str: 23    XL:     2   Next: 95%
Magic:  2/2        EV:  7    Int:  8    God:
Gold:   84         SH:  9    Dex: 10    Spells: 0 memorised, 1 level left

rFire  . . .     SeeInvis .     a - +0 flail
rCold  . . .     Gourm    .     b - +0 scale mail
rNeg   . . .     Faith    .     c - +0 shield
rPois  .         Spirit   .     (no helmet)
rElec  .         Reflect  .     (no cloak)
rCorr  +         Harm     .     (no gloves)
MR     .....                    (no boots)
Stlth  ..........               l - amulet of inaccuracy (curse)
                                (no ring)
                                i - ring of resist corrosion

@: mighty, lethally poisoned (-2 -> -5)
A: no striking features
a: no special abilities


You were on level 2 of the Dungeon.
You were not hungry.

You visited 1 branch of the dungeon, and saw 2 of its levels.

You collected 84 gold pieces.

Inventory:

Hand Weapons
 a - a +0 flail (weapon)
Missiles
 j - 5 stones (quivered)
Armour
 b - a +0 scale mail (worn)
 c - a +0 shield (worn)
 D - a +0 scale mail
Jewellery
 i - a ring of resist corrosion (left hand)
 l - a cursed amulet of inaccuracy (around neck)
 C - an uncursed ring of wizardry {unknown}
Scrolls
 e - 3 scrolls of random uselessness {unknown}
 h - 5 scrolls of remove curse {unknown}
 m - a scroll of fog {unknown}
 r - a scroll of magic mapping {unknown}
 v - 3 scrolls of teleportation {unknown}
 w - a scroll of immolation {unknown}
 y - a scroll of enchant weapon {unknown}
 B - a scroll of identify {unknown}
Potions
 d - a potion of might
 k - a potion of invisibility {unknown}
 n - a potion of curing {unknown}
 p - a potion of ambrosia {unknown}
 q - a potion of brilliance {unknown}
 t - a potion of heal wounds {unknown}
 u - a potion of agility {unknown}
 x - a potion of flight {unknown}
 z - a potion of cancellation {unknown}
 A - a potion of berserk rage {unknown}
 E - a potion of haste {unknown}
Comestibles
 f - 2 bread rations
 g - a meat ration
 o - a beef jerky


   Skills:
 + Level 3.8 Fighting
 + Level 2.5 Maces & Flails
 + Level 3.5 Armour
 + Level 0.2 Dodging
 + Level 3.7 Shields


You had one spell level left.
You didn't know any spells.

Dungeon Overview and Level Annotations

Branches:
Dungeon (2/15)

Altars:
Kikubaaqudgha
Nemelex Xobeh
Qazlal
Ru
Uskayaw
Vehumet


Message History

You barely miss the adder.
You feel sick. You block the adder's attack. x2
You completely miss the adder.
You feel sick.
The adder bites you but does no damage. x2
You sock the adder!
The adder is severely wounded.
You feel sick. You block the adder's attack.
You completely miss the adder.
The adder is heavily wounded.
The adder bites you.
* * * LOW HITPOINT WARNING * * *
The adder bites you but does no damage.
You are too injured to fight recklessly!
Okay, then.
You feel very mighty all of a sudden.
You feel sick. The adder closely misses you.
You miss the adder.
The adder is heavily wounded.
You feel sick. The adder bites you.
* * * LOW HITPOINT WARNING * * *
The adder bites you.
You die...

### ### #####_#######_## #...8.#.#.#.#._#
#.#########.#...........##
#.##......#.#............#
#.##.#....#...8.#.#.#^#.##
#.##.#.)..###.#_#_#⌠#_#.################
#.##.#>.......############.............#
#.##.#.######.#.# #.# #############.#
#S##.#..........# #.# #.###
#@##.#.#...)#.########.# #.##.
#.##.#.###.............# #.##.
#....#.###..(.........## #..#.
########..............#.# ###############.#.
#..............#.####.#.###.................
#.##........................................
#.##...........#.####.#.###.##############..
#.##......#.####.# #.#.# #.#........# ##.
#.##......#....#.# #.#(# #.#........# #.
#.##.............# #.#.# #.#........# ##.
###.#######........# ##.#.###.#........#####..
#..................###.................#......
##.#.#####.........#....#.##.......#####......
##.#.# ...........#.#.##.##.......# #......
#..#.# #.#.......###.#....##.......# #......
##.#.# #.###########.#######.......# #......
#.#.# # ######......# #.......# #...... #.#.#
#...##......##### #.......# #...... #.#.#
#...##..........###.......# ######. #.#
#...##......###.#.........# #. #.#
#...##......#..÷#.#.......# ## #.#
#...##......#.###.##.###### #.#
#...##......#...#.......#
#.#######...##......###.####.##.#
#...........##......##.......##.#
#########.####..........#######.# #.#
#####......# #.# ####.##### #......##
#.####### #........# #......<# #.......#
#........# #..[....# #######.#
#........####.......# ######.#####
#........'..'.......## #..........#
#........####........# #..........##
#........# #........# #...........#


You could see an adder.

Vanquished Creatures
  A worm (D:2)
  3 giant cockroaches (D:1)
  2 goblins
  2 hobgoblins
  3 bats (D:2)
  2 frilled lizards (D:2)
  4 kobolds (D:1)
  2 rats (D:1)
19 creatures vanquished.

Notes
Turn   | Place    | Note
-------+----------+-------------------------------------------
     0 | D:1      | lanroth the Hill Orc Fighter began the quest for the Orb.
     0 | D:1      | Reached XP level 1. HP: 19/19 MP: 1/1
   112 | D:1      | Reached XP level 2. HP: 22/27 MP: 2/2
  1060 | D:2      | Found a sparkling altar of Nemelex Xobeh.
  1063 | D:2      | Found a hide-covered altar of Uskayaw.
  1066 | D:2      | Found a radiant altar of Vehumet.
  1080 | D:2      | Found a stormy altar of Qazlal.
  1086 | D:2      | Found a sacrificial altar of Ru.
  1089 | D:2      | Found an ancient bone altar of Kikubaaqudgha.
  1150 | D:2      | Slain by an adder

Action                   || total
-------------------------++-------
Melee: Flail             ||    90
Throw: Stone             ||     8
  Use: Potion            ||     1
  Eat: Chunk             ||     1
Armor: Scale mail        ||    51
Dodge: Dodged            ||    27
Block: Shield            ||    58
